| TOP OF THE 1ST |
|
Ohio State University Buckeyes batting - Pitching for Clemson University Tigers : RHP Luis Yanez
|
|
Pitching: RHP Luis Yanez
|
|
|
Batting: LHB Adam Simpson
|
0-0: Ball 1-0: Called Strike 1-1: Foul Ball, location: 2F 1-2: DOUBLE (Flyball, 7LD, EV 100.0 MPH)
|
|
Batting: RHB Mike Goodrich
|
0-0: Called Strike 0-1: Foul Ball, location: 2F 0-2: Ball 1-2: Strikes out swinging
|
|
Batting: LHB Tony Abascal
|
0-0: Foul Ball, location: 2F 0-1: Foul Ball, location: 2F 0-2: Fly out, F7 (Flyball, 7LM, EV 88.8 MPH)
|
|
Batting: LHB Zach Brandt
|
0-0: Ball 1-0: Ball 2-0: Called Strike 2-1: Swinging Strike 2-2: Ball 3-2: Foul Ball, location: 2F 3-2: Foul Ball, location: 2F 3-2: Foul Ball, location: 2F 3-2: Strikes out swinging
|
| Top of the 1st over - 0 runs, 1 hit, 0 errors, 1 left on base; Ohio State University 0 - Clemson University 0 |
| BOTTOM OF THE 1ST |
|
Clemson University Tigers batting - Pitching for Ohio State University Buckeyes : RHP Edwin Rosado
|
|
Pitching: RHP Edwin Rosado
|
|
|
Batting: LHB Steve Gates
|
0-0: Called Strike 0-1: Ground out 5-3 (Groundball, 56, EV 86.2 MPH)
|
|
Batting: RHB Josh LeSage
|
0-0: Ball 1-0: Called Strike 1-1: Foul Ball, location: 2F 1-2: Ball 2-2: SINGLE (Groundball, 6MD, EV 107.5 MPH)
|
|
Batting: RHB Jason Duncan
|
0-0: Called Strike Josh LeSage steals 2nd, throwing error, E2 Josh LeSage to third 0-1: Ball 1-1: Foul Ball, location: 2F 1-2: Strikes out swinging
|
|
Batting: RHB David Rhodes
|
0-0: Foul Ball, location: 2F 0-1: Ground out 4-3 (Groundball, 4, EV 86.2 MPH)
|
| Bottom of the 1st over - 0 runs, 1 hit, 1 error, 1 left on base; Ohio State University 0 - Clemson University 0 |
| TOP OF THE 2ND |
|
Ohio State University Buckeyes batting - Pitching for Clemson University Tigers : RHP Luis Yanez
|
|
Batting: LHB Anthony Ross
|
0-0: Called Strike 0-1: Swinging Strike 0-2: SINGLE (Line Drive, 9LS, EV 98.1 MPH)
|
|
Batting: RHB Jacob Carrano
|
0-0: Ball 1-0: DOUBLE (Groundball, 5L, EV 103.8 MPH) Anthony Ross to third
|
|
Batting: RHB Masatoshi Mori
|
0-0: Called Strike 0-1: Called Strike 0-2: Strikes out looking
|
|
Batting: RHB David Guillen
|
0-0: Called Strike 0-1: Ball 1-1: Ball 2-1: Ball 3-1: Foul Ball, location: 2F 3-2: Strikes out swinging
|
|
Batting: RHB Bill Daniel
|
0-0: Ground out 6-3 (Groundball, 6, EV 108.1 MPH)
|
| Top of the 2nd over - 0 runs, 2 hits, 0 errors, 2 left on base; Ohio State University 0 - Clemson University 0 |
| BOTTOM OF THE 2ND |
|
Clemson University Tigers batting - Pitching for Ohio State University Buckeyes : RHP Edwin Rosado
|
|
Batting: LHB George Jedinak
|
0-0: Ball 1-0: Swinging Strike 1-1: Foul Ball, location: 2F 1-2: Ball 2-2: Foul Ball, location: 2F 2-2: Fly out, F4 (Popup, 34, EV 61.9 MPH)
|
|
Batting: LHB Mario Nunez
|
0-0: Ball 1-0: Ball 2-0: Foul Ball, location: 2F 2-1: Ball 3-1: Foul Ball, location: 2F 3-2: Foul Ball, location: 2F 3-2: Foul Ball, location: 2F 3-2: Foul Ball, location: 2F 3-2: Ground out U3 (Groundball, 3S, EV 93.1 MPH)
|
|
Batting: RHB Willis Suarez
|
0-0: Ball 1-0: Foul Ball, location: 2F 1-1: Fly out, F8 (Line Drive, 78D, EV 91.9 MPH)
|
| Bottom of the 2nd over - 0 runs, 0 hits, 0 errors, 0 left on base; Ohio State University 0 - Clemson University 0 |
| TOP OF THE 3RD |
|
Ohio State University Buckeyes batting - Pitching for Clemson University Tigers : RHP Luis Yanez
|
|
Batting: LHB Adam Simpson
|
0-0: Ball 1-0: Ball 2-0: Ball 3-0: Called Strike 3-1: Foul Ball, location: 2F 3-2: Strikes out swinging
|
|
Batting: RHB Mike Goodrich
|
0-0: Swinging Strike 0-1: Swinging Strike 0-2: Fly out, F8 (Flyball, 8LD, EV 93.8 MPH)
|
|
Batting: LHB Tony Abascal
|
0-0: Called Strike 0-1: Called Strike 0-2: Ball 1-2: Foul Ball, location: 2F 1-2: Ball 2-2: Ground out 3-1 (Groundball, 34, EV 100.0 MPH)
|
| Top of the 3rd over - 0 runs, 0 hits, 0 errors, 0 left on base; Ohio State University 0 - Clemson University 0 |
| BOTTOM OF THE 3RD |
|
Clemson University Tigers batting - Pitching for Ohio State University Buckeyes : RHP Edwin Rosado
|
|
Batting: RHB Marco Maggs
|
0-0: Called Strike 0-1: Foul Ball, location: 2F 0-2: Ball 1-2: Foul Ball, location: 2F 1-2: Ball 2-2: Ball 3-2: Strikes out swinging
|
|
Batting: RHB Jose Rolon
|
0-0: Called Strike 0-1: Foul Ball, location: 2F 0-2: Ball 1-2: Ball 2-2: Strikes out swinging
|
|
Batting: LHB Steve Gates
|
0-0: Ball 1-0: Fly out, F7 (Flyball, 7, EV 84.4 MPH)
|
| Bottom of the 3rd over - 0 runs, 0 hits, 0 errors, 0 left on base; Ohio State University 0 - Clemson University 0 |
| TOP OF THE 4TH |
|
Ohio State University Buckeyes batting - Pitching for Clemson University Tigers : RHP Luis Yanez
|
|
Batting: LHB Zach Brandt
|
0-0: Foul Ball, location: 2F 0-1: Swinging Strike 0-2: Strikes out swinging
|
|
Batting: LHB Anthony Ross
|
0-0: Ball 1-0: Foul Ball, location: 2F 1-1: Ball 2-1: Called Strike 2-2: Ball 3-2: Base on Balls
|
|
Batting: RHB Jacob Carrano
|
0-0: Ball 1-0: Swinging Strike 1-1: Swinging Strike 1-2: Fly out, F8 (Line Drive, 8LM, EV 87.5 MPH)
|
|
Batting: RHB Masatoshi Mori
|
0-0: Ball 1-0: Ball 2-0: Swinging Strike 2-1: Foul Ball, location: 2F 2-2: Foul Ball, location: 2F 2-2: Strikes out swinging
|
| Top of the 4th over - 0 runs, 0 hits, 0 errors, 1 left on base; Ohio State University 0 - Clemson University 0 |
| BOTTOM OF THE 4TH |
|
Clemson University Tigers batting - Pitching for Ohio State University Buckeyes : RHP Edwin Rosado
|
|
Batting: RHB Josh LeSage
|
0-0: Swinging Strike 0-1: Swinging Strike 0-2: Strikes out swinging
|
|
Batting: RHB Jason Duncan
|
0-0: Ball 1-0: Called Strike 1-1: Called Strike 1-2: Strikes out swinging
|
|
Batting: RHB David Rhodes
|
0-0: Ground out 5-3 (Groundball, 56S, EV 64.4 MPH)
|
| Bottom of the 4th over - 0 runs, 0 hits, 0 errors, 0 left on base; Ohio State University 0 - Clemson University 0 |
| TOP OF THE 5TH |
|
Ohio State University Buckeyes batting - Pitching for Clemson University Tigers : RHP Luis Yanez
|
|
Pitching: RHP A.J. Newman
|
|
|
Batting: RHB David Guillen
|
0-0: Called Strike 0-1: Swinging Strike 0-2: Ball 1-2: Ball 2-2: Strikes out swinging
|
|
Batting: RHB Bill Daniel
|
0-0: Fly out, F8 (Flyball, 8RXD, EV 108.8 MPH)
|
|
Batting: LHB Adam Simpson
|
0-0: Called Strike 0-1: Foul Ball, location: 2F 0-2: Ball 1-2: Ball 2-2: Foul Ball, location: 2F 2-2: Foul Ball, location: 2F 2-2: Foul Ball, location: 2F 2-2: Ball 3-2: Foul Ball, location: 2F 3-2: Base on Balls
|
|
Batting: RHB Mike Goodrich
|
0-0: Foul Ball, location: 2F 0-1: Called Strike 0-2: Fly out, F8 (Flyball, 8LD, EV 93.1 MPH)
|
| Top of the 5th over - 0 runs, 0 hits, 0 errors, 1 left on base; Ohio State University 0 - Clemson University 0 |
| BOTTOM OF THE 5TH |
|
Clemson University Tigers batting - Pitching for Ohio State University Buckeyes : RHP Edwin Rosado
|
|
Pitching: RHP Kyle Collins
|
|
|
Now at C: Josh Dinsmore
|
|
|
Now at SS: Mike Tarantino
|
|
|
Batting: LHB George Jedinak
|
0-0: Called Strike 0-1: Ball 1-1: Foul Ball, location: 2F 1-2: Strikes out swinging
|
|
Batting: LHB Mario Nunez
|
0-0: Called Strike 0-1: Swinging Strike 0-2: Ball 1-2: Strikes out swinging
|
|
Batting: RHB Willis Suarez
|
0-0: Ball 1-0: Ball 2-0: Foul Ball, location: 2F 2-1: Fly out, F7 (Flyball, 7S, EV 83.1 MPH)
|
| Bottom of the 5th over - 0 runs, 0 hits, 0 errors, 0 left on base; Ohio State University 0 - Clemson University 0 |
| TOP OF THE 6TH |
|
Ohio State University Buckeyes batting - Pitching for Clemson University Tigers : RHP A.J. Newman
|
|
Pinch Hitting: RHB Bo Wu
|
0-0: Ball 1-0: Ball 2-0: Foul Ball, location: 2F 2-1: Ball 3-1: SINGLE (Groundball, 6MD, EV 98.8 MPH)
|
|
Batting: LHB Zach Brandt
|
0-0: Called Strike 0-1: Fly out, F8 (Flyball, 8LXD, EV 106.2 MPH)
|
|
Batting: RHB Harry Jerome
|
0-0: SINGLE (Groundball, 6MD, EV 96.9 MPH) Bo Wu to second
|
|
Batting: RHB Mike Tarantino
|
0-0: Ball 1-0: Ball 2-0: SINGLE (Flyball, 8RS, EV 91.2 MPH) Bo Wu to third Harry Jerome to second Runner from 3rd tries for Home, SAFE, throw by CF to home
|
|
Pitching: RHP Gustavo Carena
|
|
|
Batting: RHB Masatoshi Mori
|
0-0: Called Strike 0-1: Called Strike 0-2: Foul Ball, location: 2F 0-2: Ball 1-2: Strikes out swinging
|
|
Pinch Hitting: RHB Marcelo Bardelli
|
0-0: SINGLE (Flyball, 34D, EV 98.1 MPH) Harry Jerome to third Mike Tarantino to second Runner from 3rd tries for Home, SAFE, throw by RF to home
|
|
Batting: RHB Josh Dinsmore
|
0-0: Called Strike 0-1: Ball 1-1: Swinging Strike 1-2: SINGLE (Groundball, 6MD, EV 98.1 MPH) Mike Tarantino to third Marcelo Bardelli to second Runner from 3rd tries for Home, SAFE, throw by CF to home
|
|
Batting: LHB Adam Simpson
|
0-0: Ball Wild Pitch! Marcelo Bardelli to third Josh Dinsmore to second 1-0: Called Strike 1-1: Fly out, F9 (Flyball, 9, EV 78.1 MPH)
|
| Top of the 6th over - 3 runs, 5 hits, 0 errors, 2 left on base; Ohio State University 3 - Clemson University 0 |
| BOTTOM OF THE 6TH |
|
Clemson University Tigers batting - Pitching for Ohio State University Buckeyes : RHP Kyle Collins
|
|
Now at 2B: Marcelo Bardelli
|
|
|
Now in LF: Bo Wu
|
|
|
Batting: RHB Marco Maggs
|
0-0: Ball 1-0: Called Strike 1-1: Swinging Strike 1-2: Ball 2-2: Strikes out swinging
|
|
Batting: RHB Jose Rolon
|
0-0: Swinging Strike 0-1: Foul Ball, location: 2F 0-2: Strikes out swinging
|
|
Batting: LHB Steve Gates
|
0-0: Called Strike 0-1: Foul Ball, location: 2F 0-2: Foul Ball, location: 2F 0-2: Ball 1-2: Strikes out swinging
|
| Bottom of the 6th over - 0 runs, 0 hits, 0 errors, 0 left on base; Ohio State University 3 - Clemson University 0 |
| TOP OF THE 7TH |
|
Ohio State University Buckeyes batting - Pitching for Clemson University Tigers : RHP Gustavo Carena
|
|
Batting: RHB Mike Goodrich
|
0-0: Called Strike 0-1: Ball 1-1: Swinging Strike 1-2: Ball 2-2: Foul Ball, location: 2F 2-2: Ball 3-2: Foul Ball, location: 2F 3-2: Base on Balls
|
|
Batting: RHB Bo Wu
|
0-0: Ball 1-0: Ball 2-0: Ball 3-0: Called Strike 3-1: Base on Balls Mike Goodrich to second
|
|
Pitching: RHP George Garrett
|
|
|
Batting: LHB Zach Brandt
|
0-0: Called Strike 0-1: Ball 1-1: Fielders Choice at 2nd, 6-4 (Groundball, 6, EV 101.9 MPH) Mike Goodrich to third
|
|
Batting: RHB Harry Jerome
|
0-0: Called Strike 0-1: Swinging Strike 0-2: Strikes out swinging
|
|
Batting: RHB Mike Tarantino
|
0-0: Ball 1-0: Ball 2-0: Foul Ball, location: 2F 2-1: Foul Ball, location: 2F 2-2: Foul Ball, location: 2F 2-2: Ball 3-2: Strikes out swinging
|
| Top of the 7th over - 0 runs, 0 hits, 0 errors, 2 left on base; Ohio State University 3 - Clemson University 0 |
| BOTTOM OF THE 7TH |
|
Clemson University Tigers batting - Pitching for Ohio State University Buckeyes : RHP Kyle Collins
|
|
Pitching: RHP Rodolfo Lrio
|
|
|
Batting: RHB Josh LeSage
|
0-0: Ball 1-0: Ball 2-0: Ball 3-0: Swinging Strike 3-1: Called Strike 3-2: Foul Ball, location: 2F 3-2: Strikes out swinging
|
|
Batting: RHB Jason Duncan
|
0-0: Swinging Strike 0-1: Fly out, F8 (Flyball, 89M, EV 90.6 MPH)
|
|
Batting: RHB David Rhodes
|
0-0: SOLO HOME RUN (Flyball, 7D, EV 105.0 MPH), Distance : 419 ft
|
|
Batting: LHB George Jedinak
|
0-0: Swinging Strike 0-1: Foul Ball, location: 2F 0-2: Ball 1-2: Ball 2-2: Ground out 4-3 (Groundball, 4, EV 80.0 MPH)
|
| Bottom of the 7th over - 1 run, 1 hit, 0 errors, 0 left on base; Ohio State University 3 - Clemson University 1 |
| TOP OF THE 8TH |
|
Ohio State University Buckeyes batting - Pitching for Clemson University Tigers : RHP George Garrett
|
|
Pitching: LHP Brian Anderson
|
|
|
Batting: RHB Masatoshi Mori
|
0-0: Ground out 6-3 (Groundball, 6, EV 78.8 MPH)
|
|
Batting: RHB Marcelo Bardelli
|
0-0: Ground out 4-3 (Groundball, 34, EV 81.2 MPH)
|
|
Batting: RHB Josh Dinsmore
|
0-0: Ball 1-0: SINGLE (Groundball, 15S, EV 73.8 MPH) (infield hit)
|
|
Batting: LHB Adam Simpson
|
0-0: Ball 1-0: SINGLE (Line Drive, 6M, EV 95.6 MPH) Josh Dinsmore to second
|
|
Batting: RHB Mike Goodrich
|
0-0: Fly out, F9 (Line Drive, 89D, EV 92.5 MPH)
|
| Top of the 8th over - 0 runs, 2 hits, 0 errors, 2 left on base; Ohio State University 3 - Clemson University 1 |
| BOTTOM OF THE 8TH |
|
Clemson University Tigers batting - Pitching for Ohio State University Buckeyes : RHP Rodolfo Lrio
|
|
Pitching: LHP Jordan Garcia
|
|
|
Batting: LHB Mario Nunez
|
0-0: Foul Ball, location: 2F 0-1: Ball 1-1: Ball 2-1: Ball 3-1: Foul Ball, location: 2F 3-2: Strikes out swinging
|
|
Batting: RHB Willis Suarez
|
0-0: Fly out, F7 (Flyball, 78XD, EV 90.6 MPH)
|
|
Batting: RHB Marco Maggs
|
0-0: Ball 1-0: Ball 2-0: Foul Ball, location: 2F 2-1: Ball 3-1: Base on Balls
|
|
Batting: RHB Jose Rolon
|
0-0: Swinging Strike 0-1: Ball 1-1: Fielders Choice at 2nd, 6-4 (Groundball, 6, EV 102.5 MPH)
|
| Bottom of the 8th over - 0 runs, 0 hits, 0 errors, 1 left on base; Ohio State University 3 - Clemson University 1 |
| TOP OF THE 9TH |
|
Ohio State University Buckeyes batting - Pitching for Clemson University Tigers : LHP Brian Anderson
|
|
Pitching: LHP Jonathan Hughes
|
|
|
Batting: RHB Bo Wu
|
0-0: Called Strike 0-1: Foul Ball, location: 2F 0-2: Strikes out looking
|
|
Batting: LHB Zach Brandt
|
0-0: Called Strike 0-1: Foul Ball, location: 2F 0-2: Ball 1-2: Strikes out swinging
|
|
Batting: LHB Ben Callaway
|
0-0: Fly out, F6 (Popup, 56, EV 74.4 MPH)
|
| Top of the 9th over - 0 runs, 0 hits, 0 errors, 0 left on base; Ohio State University 3 - Clemson University 1 |
| BOTTOM OF THE 9TH |
|
Clemson University Tigers batting - Pitching for Ohio State University Buckeyes : LHP Jordan Garcia
|
|
Pitching: RHP Neville MacDonald
|
|
|
Batting: LHB Steve Gates
|
0-0: Foul Ball, location: 2F 0-1: Swinging Strike 0-2: Ball 1-2: Ball 2-2: Strikes out swinging
|
|
Batting: RHB Josh LeSage
|
0-0: Swinging Strike 0-1: Ball 1-1: Called Strike 1-2: Strikes out looking
|
|
Batting: RHB Jason Duncan
|
0-0: Called Strike 0-1: Called Strike 0-2: Foul Ball, location: 2F 0-2: Foul Ball, location: 2F 0-2: Ball 1-2: Strikes out swinging
|
| Bottom of the 9th over - 0 runs, 0 hits, 0 errors, 0 left on base; Ohio State University 3 - Clemson University 1 |
|